AoeStats
← abbnn

Arena

510717191Analyzed
4v4 RM · 1d ago on Oct 2, 2026· 44m 3s· 8 players
Game mode
Random Map
Map size
Large (8 player)
Population
200
Speed
Normal
Resources
Standard
Victory
Conquest
Starting age
Dark Age
Ending age
Imperial Age
RankedLock teamsTeams togetherTeam positionsShared explorationLock speedFull tech treeHidden civsTurbo modeCheats
Victory
Defeat
🇦🇺 Teutons · Australia
1112
+12
🇸🇬 Cumans · Singapore
1106
+13
🇹🇼 Britons · Taiwan
1094
+13
🇨🇳 Bulgarians · China
931
+20
🇭🇰 Franks · Hong Kong SAR China
1088
-17
🇷🇴 Wu · Romania
1049
-15
🇧🇷 Bohemians · Brazil
1019
-14
🇧🇷 Persians · Brazil
961
-12
wlwz915964
11:40 Feudal Age
12:57 Double-Bit Axe
15:39 Castle Age
17:08 Horse Collar
17:41 Bow Saw
20:36 Fervor
22:28 Sanctity
24:51 Wheelbarrow
24:21 Loom
25:38 Heavy Plow
26:00 Pikeman
26:40 Squires
26:25 Arson
30:12 Imperial Age
28:29 Scale Mail Armor
28:40 Forging
30:45 Iron Casting
30:26 Chain Mail Armor
30:32 Hand Cart
30:47 Halberdier
32:48 Chemistry
33:31 Blast Furnace
33:02 Plate Mail Armor
33:25 Houfnice
36:21 Murder Holes
38:11 Elite Hussite Wagon
40:51 Wagenburg Tactics
41:07 Conscription
41:15 Bombard Tower
co341014
11:31 Feudal Age
13:17 Double-Bit Axe
15:38 Castle Age
14:48 Wheelbarrow
14:12 Horse Collar
16:22 Bow Saw
17:15 Heavy Plow
23:01 Hand Cart
22:42 Gold Mining
26:10 Gold Shaft Mining
26:55 Stone Mining
30:22 Imperial Age
27:37 Loom
27:38 Town Watch
28:37 Bloodlines
28:28 Husbandry
28:43 Forging
28:39 Scale Barding Armor
30:00 Iron Casting
30:35 Stone Shaft Mining
30:09 Cavalier
31:16 Chain Barding Armor
32:40 Blast Furnace
33:21 Plate Barding Armor
33:33 Conscription
34:02 Town Patrol
33:45 Capped Ram
34:35 Savar
34:43 Siege Ram
abbnn
0:28 Loom
11:49 Feudal Age
13:06 Wheelbarrow
12:18 Double-Bit Axe
17:37 Castle Age
16:49 Stone Mining
17:49 Gold Mining
19:44 Bow Saw
30:20 Hand Cart
34:44 Imperial Age
33:39 Forging
33:29 Scale Mail Armor
34:14 Ballistics
36:23 Gold Shaft Mining
36:26 Iron Casting
36:06 Chain Mail Armor
37:03 Chemistry
35:59 Murder Holes
36:51 Heavy Scorpion
38:20 Town Watch
TranceAddict95
10:30 Feudal Age
14:23 Castle Age
13:15 Double-Bit Axe
14:30 Stone Mining
15:18 Bow Saw
15:23 Fletching
18:41 Loom
18:59 Padded Archer Armor
25:42 Bodkin Arrow
31:59 Imperial Age
29:52 Ballistics
31:32 Wheelbarrow
30:46 Town Watch
30:57 Gold Mining
31:33 Leather Archer Armor
31:19 Crossbowman
33:16 Hand Cart
34:45 Chemistry
33:49 Horse Collar
34:53 Conscription
34:53 Heavy Plow
36:07 Elite Fire Archer
36:16 Arbalester
39:26 Masonry
38:51 Elite Skirmisher
40:00 Bracer
42:37 Architecture
42:14 Red Cliffs Tactics
8886Sar
9:29 Feudal Age
10:29 Double-Bit Axe
10:26 Horse Collar
21:09 Castle Age
20:10 Wheelbarrow
19:52 Scale Barding Armor
20:48 Forging
22:04 Bloodlines
24:18 Loom
25:18 Hand Cart
25:16 Bow Saw
25:07 Heavy Plow
26:08 Coinage
27:16 Iron Casting
27:51 Chain Barding Armor
32:12 Imperial Age
30:02 Fletching
30:13 Padded Archer Armor
31:26 Town Watch
31:38 Bodkin Arrow
31:59 Leather Archer Armor
33:47 Plate Barding Armor
34:12 Blast Furnace
33:53 Thumb Ring
34:15 Parthian Tactics
34:32 Town Patrol
35:37 Two-Man Saw
35:08 Crop Rotation
36:40 Conscription
35:51 Light Cavalry
38:37 Ring Archer Armor
37:42 Hussar
43:02 Onager
Amork
10:11 Feudal Age
14:43 Castle Age
13:49 Double-Bit Axe
13:48 Horse Collar
16:18 Bow Saw
17:18 Wheelbarrow
22:55 Gold Mining
23:08 Heavy Plow
23:29 Hand Cart
23:03 Town Watch
23:05 Loom
25:06 Fletching
28:55 Imperial Age
26:24 Fletching
27:25 Gold Shaft Mining
26:36 Crossbowman
27:44 Bodkin Arrow
27:50 Padded Archer Armor
28:37 Ballistics
30:39 Chemistry
29:41 Bracer
30:25 Leather Archer Armor
31:13 Two-Man Saw
30:08 Stone Mining
30:07 Pikeman
30:49 Squires
30:35 Gambesons
31:16 Arbalester
32:45 Conscription
33:14 Yeomen
33:03 Scale Mail Armor
33:14 Forging
34:06 Ring Archer Armor
35:13 Chain Mail Armor
35:33 Iron Casting
34:21 Halberdier
34:48 Arson
38:17 Plate Mail Armor
38:48 Blast Furnace
42:11 Hoardings
41:43 Scale Barding Armor
41:50 Masonry
41:37 Murder Holes
43:51 Architecture
43:30 Siege Engineers
123
10:25 Feudal Age
10:22 Loom
13:58 Castle Age
12:57 Double-Bit Axe
13:53 Horse Collar
30:42 Imperial Age
29:11 Wheelbarrow
29:10 Fletching
30:37 Scale Mail Armor
30:48 Forging
31:17 Hand Cart
30:48 Town Watch
31:54 Conscription
31:51 Chain Mail Armor
32:12 Iron Casting
31:50 Elite Teutonic Knight
33:19 Plate Mail Armor
33:18 Heavy Plow
34:37 Blast Furnace
34:23 Stone Mining
38:27 Ironclad
37:58 Capped Ram
44:47 Bow Saw
Iluvatar
10:56 Feudal Age
11:23 Feudal Age
16:37 Castle Age
15:19 Double-Bit Axe
15:17 Horse Collar
18:10 Bow Saw
19:28 Heavy Plow
24:04 Gold Mining
25:06 Wheelbarrow
26:31 Gold Shaft Mining
31:04 Imperial Age
28:53 Hand Cart
31:15 Imperial Age
29:02 Hand Cart
28:34 Loom
28:34 Town Watch
29:07 Stone Mining
29:32 Forging
29:22 Scale Mail Armor
29:28 Scale Barding Armor
29:26 Murder Holes
29:47 Masonry
29:57 Ballistics
29:48 Town Patrol
31:35 Stone Shaft Mining
31:38 Iron Casting
31:19 Chain Mail Armor
31:25 Chain Barding Armor
31:27 Caravan
32:45 Crop Rotation
32:25 Siege Engineers
33:22 Blast Furnace
32:53 Plate Mail Armor
32:43 Gambesons
32:19 Pikeman
32:59 Squires
32:45 Arson
33:48 Conscription
32:51 Elite Konnik
33:27 Stirrups
33:33 Bagains
34:13 Plate Barding Armor
33:06 Halberdier
35:04 Fletching
Connection lost

Rejoining the realm…

Still unreachable

The connection could not be restored.

Session expired

The server has moved on; the page needs a fresh start.